Map: Catalyst LE

Players

JonSnow - Winner!

  • Race: Zerg Zerg
  • Spawn Location: 11:00

Isaac

  • Race: Zerg Zerg
  • Spawn Location: 5:00

Event: WCS Austin 2018

VOD

Have the link to the VOD?

Description

Time

  • Played on: June 1, 2018, 3:30 p.m.
  • Length: 6:01

All games in this series

Show
View Real Time Build Order
Export as new Build Order

JonSnow Zerg - Winner!

Build Orders: Pool First 

Get SALT Encoding   

  12  0:17  Spawning Pool  
  11  0:22  Drone  
  11  0:28  Drone  
  13  0:32  Drone  
  14  0:40  Overlord  
  14  1:04  Zergling x2  
  14  1:05  Zergling x4  
  17  1:18  Hatchery  
  16  1:20  Drone  
  17  1:27  Zergling x2  
  18  1:36  Queen  
  21  1:40  Zergling x2  
  21  1:47  Overlord  
  21  1:58  Drone  
  22  2:11  Drone, Queen  
  24  2:33  Drone x3  
  23  2:37  Queen  
  23  2:41  Drone  
  23  2:44  Drone x2  
  28  2:45  Drone x2  
  28  2:50  Spine Crawler  
  29  2:53  Drone  
  30  3:01  Queen  
  30  3:05  Zergling x2  
  33  3:10  Zergling x4  
  35  3:15  Extractor  
  35  3:16  Drone x2, Extractor  
  35  3:18  Drone  
  36  3:26  Drone x2  
  36  3:36  Overlord x2  
  36  3:38  Extractor  
  35  3:45  Overlord  
  34  3:49  Drone x2  
  34  3:56  Drone x3  
  34  4:01  Drone x2  
  39  4:03  Drone  
  39  4:06  Drone  
  39  4:08  Drone  
  42  4:17  Roach Warren  
  42  4:21  Metabolic Boost  
  41  4:25  Drone x2  
  41  4:29  Overlord  
  41  4:55  Overlord  
  41  4:57  Roach x8  
  41  4:58  Zergling x2  
  58  5:03  Roach  
  58  5:04  Zergling x4  
  62  5:10  Roach  
  65  5:14  Zergling x2  
  65  5:18  Roach  
  65  5:20  Evolution Chamber  
  66  5:22  Roach  
  66  5:26  Roach, Zergling x6  
  73  5:30  Zergling x6  
  76  5:41  Hatchery  
Show
View Real Time Build Order
Export as new Build Order

Isaac Zerg 

Build Orders: Hatch First 

Get SALT Encoding   

  12  0:00  Drone  
  13  0:13  Overlord  
  13  0:17  Drone  
  14  0:31  Drone x2  
  14  0:35  Drone  
  17  0:54  Hatchery  
  17  0:56  Drone  
  17  0:59  Drone  
  17  1:04  Extractor  
  17  1:15  Spawning Pool  
  17  1:17  Drone  
  17  1:20  Drone  
  18  1:33  Drone  
  19  1:40  Overlord  
  19  2:02  Zergling x4  
  19  2:03  Queen  
  19  2:07  Zergling x2  
  26  2:12  Metabolic Boost  
  26  2:18  Zergling x2  
  27  2:29  Zergling x4  
  27  2:32  Zergling x2  
  26  2:51  Hatchery  
  25  2:55  Drone  
  25  2:56  Drone  
  27  3:07  Drone  
  27  3:28  Hatchery  
  27  3:33  Drone x4  
  28  3:51  Drone x4  
  28  4:04  Queen, Roach Warren  
  29  4:11  Drone x2  
  29  4:17  Zergling x4  
  33  4:25  Zergling x4  
  33  4:27  Overlord  
  33  4:29  Drone  
  36  4:38  Overlord  
  33  4:53  Drone x9  
  42  5:02  Queen  
  42  5:04  Evolution Chamber  
  42  5:15  Extractor  
  42  5:16  Drone  
  42  5:17  Drone x5  
  42  5:19  Extractor  
  48  5:28  Drone x3  
  48  5:31  Roach  
  51  5:36  Overlord  
  51  5:39  Roach x2  
Tags
 
Add a new tag
Caveats
  • Supply blocks, unpowered buildings, or Contaminate may cause inaccurate times.
  • Supply counts are checked every 10 seconds.